 Dungeon Crawl Stone Soup version 0.24-a0-235-g3f03afc (webtiles) character file.

Game seed: 11611981894314188185

769 Gorice the Shooter (level 7, 0/56 HPs)
             Began as a Gnoll Wanderer on Apr 7, 2019.
             Slain by Pikel
             ... wielding a +1 whip of freezing
              (1 damage)
             ... on level 5 of the Dungeon.
             The game lasted 00:15:41 (3291 turns).

Gorice the Shooter (Gnoll Wanderer)                 Turns: 3291, Time: 00:15:42

Health: 0/56       AC:  7    Str: 14    XL:     7   Next: 82%
Magic:  12/12      EV: 11    Int: 17    God:
Gold:   177        SH:  0    Dex: 14    Spells: 11/13 levels left

rFire    . . .     SeeInvis .   a - +0 flail
rCold    . . .     Gourm    .   (no shield)
rNeg     . . .     Faith    .   j - +1 ring mail
rPois    .         Spirit   .   (no helmet)
rElec    .         Reflect  .   r - +0 cloak
rCorr    .         Harm     .   (no gloves)
MR       .....                  (no boots)
Stlth    +++.......             (no amulet)
HPRegen  0.18/turn              d - ring of stealth
MPRegen  0.13/turn              (no ring)

@: no status effects
A: distributed training, fangs 1, strong nose
a: no special abilities


You were on level 5 of the Dungeon.
You were not hungry.

You visited 2 branches of the dungeon, and saw 6 of its levels.

You collected 177 gold pieces.

Inventory:

Hand Weapons
 a - a +0 flail (weapon)
 b - a +3 shortbow
 q - a +0 war axe
Missiles
 m - 29 arrows
 v - 4 tomahawks (quivered)
 Y - 127 stones
Armour
 e - a +0 robe
 j - a +1 ring mail (worn)
 l - a +0 buckler
 r - a +0 cloak (worn)
 u - a +0 scale mail
Jewellery
 d - a ring of stealth (left hand)
Scrolls
 c - 2 scrolls of enchant armour
 k - 2 scrolls of remove curse
 w - 2 scrolls of enchant weapon
Potions
 g - a potion of resistance {unknown}
 h - 2 potions of flight
 i - a potion of invisibility {unknown}
 n - a potion of berserk rage {unknown}
 p - a potion of curing
 s - a potion of heal wounds {unknown}
 x - a potion of lignification {unknown}
 z - a potion of degeneration {unknown}
Comestibles
 f - 6 rations
 t - 2 chunks of flesh


   Skills:
 + Level 5.3 Fighting
 + Level 2.6 Short Blades
 + Level 2.6 Long Blades
 + Level 2.6 Axes
 + Level 2.6 Maces & Flails
 + Level 2.6 Polearms
 + Level 2.6 Staves
 + Level 2.6 Slings
 + Level 7.1 Bows
 + Level 2.6 Crossbows
 + Level 2.6 Throwing
 + Level 2.6 Armour
 + Level 2.6 Dodging
 + Level 3.6 Stealth
 + Level 3.7 Shields
 + Level 2.6 Unarmed Combat
 + Level 3.9 Spellcasting
 + Level 2.1 Conjurations
 + Level 2.1 Hexes
 + Level 2.1 Charms
 + Level 2.1 Summonings
 + Level 2.1 Necromancy
 + Level 2.1 Translocations
 + Level 2.1 Transmutations
 + Level 3.1 Fire Magic
 + Level 3.1 Ice Magic
 + Level 2.1 Air Magic
 + Level 2.1 Earth Magic
 + Level 2.1 Poison Magic
 + Level 3.0 Invocations
 + Level 2.6 Evocations


You had 11 spell levels left.
You knew the following spells:

 Your Spells              Type           Power        Failure   Level  Hunger
J - Blink                 Tloc           N/A          19%         2    ##.....

Your spell library contained the following spells:

 Spells                   Type           Power        Failure   Level  Hunger
 Shock                    Conj/Air       ##..         13%         1    None
 Shroud of Golubria       Chrm/Tloc      ##........   19%         2    ##.....
 Static Discharge         Conj/Air       ##......     36%         3    ###....


Dungeon Overview and Level Annotations

Branches:
Dungeon (5/15)             Temple (1/1) D:4

Altars:
Ashenzari
Cheibriados
Elyvilon
Fedhas
Hepliaklqana
Kikubaaqudgha
Makhleb
Nemelex Xobeh
Sif Muna
Trog
Uskayaw
Vehumet
Wu Jian
Xom
Yredelemnul
Zin
The Shining One
Lugonu

Annotations:
D:5 Pikel


Innate Abilities, Weirdness & Mutations

Your experience applies equally to all skills.
You have very sharp teeth.
Your uncanny sense of smell can sniff out nearby items.


Message History

You shoot an arrow. The arrow hits Pikel.
Pikel is severely wounded.
Firing (i - inventory. (/) - cycle)
m - 32 arrows (quivered)
Press: ? - help, Shift-Dir - straight line, f/p - Pikel
Aim: Pikel, wielding a +1 whip of freezing and wearing a +0 robe (severely wounded)
You shoot an arrow. The arrow hits Pikel.
Pikel is almost dead.
Pikel misses you.
Firing (i - inventory. (/) - cycle)
m - 31 arrows (quivered)
Press: ? - help, Shift-Dir - straight line, f/p - Pikel
Aim: Pikel, wielding a +1 whip of freezing and wearing a +0 robe (almost dead)
You shoot an arrow. The arrow closely misses Pikel.
Pikel hits you with a +1 whip of freezing.
* * * LOW HITPOINT WARNING * * *
Pikel freezes you.
* * * LOW HITPOINT WARNING * * *
Damage: 3 (max 9) Unknown command.
You feel better. Pikel barely misses you.
Firing (i - inventory. (/) - cycle)
m - 30 arrows (quivered)
Press: ? - help, Shift-Dir - straight line, f/p - Pikel
Aim: Pikel, wielding a +1 whip of freezing and wearing a +0 robe (almost dead)
You shoot an arrow. The arrow closely misses Pikel.
Pikel hits you with a +1 whip of freezing.
Pikel freezes you.
* * * LOW HITPOINT WARNING * * *
Damage: 2 (max 9) Unknown command.
a - a +0 flail (weapon)
Pikel hits you but does no damage.
You closely miss Pikel.
Pikel is almost dead.
Pikel closely misses you.
Your ring mail prevents you from hitting Pikel.
Pikel is almost dead.
Pikel hits you with a +1 whip of freezing!
* * * LOW HITPOINT WARNING * * *
Pikel freezes you.
* * * LOW HITPOINT WARNING * * *
Damage: 7 (max 9)
You hit Pikel.
Pikel is almost dead.
Pikel hits you with a +1 whip of freezing.
* * * LOW HITPOINT WARNING * * *
Pikel freezes you.
* * * LOW HITPOINT WARNING * * *
Pikel hits you with a +1 whip of freezing.
* * * LOW HITPOINT WARNING * * *
Pikel freezes you.
You die...

##.###†####....##
#.....# ######
#####....#
#.......##
#.###...#
#...#####...
###.........#
##.#....p#######
∆ (....#.ppK@.#
...((((w###.#
....##.## .# (..
.p. .# .....# .#
....#. .. ......
.. ..... ## .. ..


You could see Pikel, 3 slaves and a worm.

Vanquished Creatures
  2 sky beasts (D:5)
  3 ogres
  An orc priest (D:3)
  Crazy Yiuf (D:3)
  3 hounds
  A worker ant (D:4)
  3 gnolls (D:2)
  3 adders
  2 oozes
  5 worms
  4 leopard geckos
  8 orcs (D:3)
  7 bats
  2 giant cockroaches
  7 goblins
  6 hobgoblins
  2 quokkas (D:3)
  2 ball pythons
  3 frilled lizards
  9 kobolds
  A leopard gecko skeleton (D:4)
  8 rats
83 creatures vanquished.

Notes
Turn   | Place    | Note
-------+----------+-------------------------------------------
     0 | D:1      | Gorice the Gnoll Wanderer began the quest for the Orb.
     0 | D:1      | Gorice set off with the following items: a +2 shortbow, 28
                  | arrows, a +0 robe, a ration; and the following spell
                  | memorised: Shock; and the following spells available to
                  | memorise: Blink, Shroud of Golubria, Static Discharge
     0 | D:1      | Reached XP level 1. HP: 20/20 MP: 4/4
   122 | D:1      | Reached skill level 2 in Fire Magic
   122 | D:1      | Reached skill level 2 in Ice Magic
   171 | D:1      | Reached XP level 2. HP: 26/26 MP: 5/5
   672 | D:2      | Found a shattered altar of Ashenzari.
   684 | D:2      | Found a blossoming altar of Fedhas.
   795 | D:2      | Reached XP level 3. HP: 31/31 MP: 7/7
   853 | D:2      | Reached skill level 1 in Invocations
   856 | D:2      | Reached skill level 1 in Short Blades
   856 | D:2      | Reached skill level 1 in Long Blades
   856 | D:2      | Reached skill level 1 in Axes
   856 | D:2      | Reached skill level 1 in Maces & Flails
   856 | D:2      | Reached skill level 1 in Polearms
   856 | D:2      | Reached skill level 1 in Staves
   856 | D:2      | Reached skill level 1 in Slings
   856 | D:2      | Reached skill level 1 in Crossbows
   856 | D:2      | Reached skill level 1 in Throwing
   856 | D:2      | Reached skill level 1 in Armour
   856 | D:2      | Reached skill level 1 in Dodging
   856 | D:2      | Reached skill level 1 in Unarmed Combat
   856 | D:2      | Reached skill level 1 in Evocations
   856 | D:2      | Reached XP level 4. HP: 27/38 MP: 8/8
   976 | D:2      | Found a bloodstained altar of Trog.
   976 | D:2      | Found a snail-covered altar of Cheibriados.
  1100 | D:2      | Found a glowing golden altar of the Shining One.
  1100 | D:2      | Found a white marble altar of Elyvilon.
  1146 | D:2      | Found a basalt altar of Yredelemnul.
  1301 | D:2      | Reached skill level 3 in Spellcasting
  1301 | D:2      | Reached skill level 1 in Conjurations
  1301 | D:2      | Reached skill level 1 in Hexes
  1301 | D:2      | Reached skill level 1 in Charms
  1301 | D:2      | Reached skill level 1 in Summonings
  1301 | D:2      | Reached skill level 1 in Necromancy
  1301 | D:2      | Reached skill level 1 in Translocations
  1301 | D:2      | Reached skill level 1 in Transmutations
  1301 | D:2      | Reached skill level 1 in Air Magic
  1301 | D:2      | Reached skill level 1 in Earth Magic
  1301 | D:2      | Reached skill level 1 in Poison Magic
  1322 | D:2      | Found a burning altar of Makhleb.
  1464 | D:3      | Found a faded altar of an unknown god.
  1522 | D:3      | Reached XP level 5. HP: 42/43 MP: 9/9
  1629 | D:3      | Found a runed translucent door.
  1630 | D:3      | Noticed Crazy Yiuf
  1640 | D:3      | Killed Crazy Yiuf
  1990 | D:3      | Reached skill level 3 in Shields
  2672 | D:4      | Noticed an ogre
  2677 | D:4      | Reached skill level 2 in Invocations
  2677 | D:4      | Reached XP level 6. HP: 36/50 MP: 10/10
  2681 | D:4      | Reached skill level 5 in Fighting
  2681 | D:4      | Reached skill level 2 in Short Blades
  2681 | D:4      | Reached skill level 2 in Long Blades
  2681 | D:4      | Reached skill level 2 in Axes
  2681 | D:4      | Reached skill level 2 in Maces & Flails
  2681 | D:4      | Reached skill level 2 in Polearms
  2681 | D:4      | Reached skill level 2 in Staves
  2681 | D:4      | Reached skill level 2 in Slings
  2681 | D:4      | Reached skill level 2 in Crossbows
  2681 | D:4      | Reached skill level 2 in Throwing
  2681 | D:4      | Reached skill level 2 in Armour
  2681 | D:4      | Reached skill level 2 in Dodging
  2681 | D:4      | Reached skill level 3 in Stealth
  2681 | D:4      | Reached skill level 2 in Unarmed Combat
  2681 | D:4      | Reached skill level 2 in Evocations
  2761 | D:4      | Found a staircase to the Ecumenical Temple.
  2772 | Temple   | Entered the Ecumenical Temple
  2921 | D:4      | Reached XP level 7. HP: 53/56 MP: 12/12
  2956 | D:4      | Found a sparkling altar of Nemelex Xobeh.
  3172 | D:5      | Entered Level 5 of the Dungeon
  3179 | D:5      | Reached skill level 7 in Bows
  3214 | D:5      | Reached skill level 2 in Conjurations
  3214 | D:5      | Reached skill level 2 in Hexes
  3214 | D:5      | Reached skill level 2 in Charms
  3214 | D:5      | Reached skill level 2 in Summonings
  3214 | D:5      | Reached skill level 2 in Necromancy
  3214 | D:5      | Reached skill level 2 in Translocations
  3214 | D:5      | Reached skill level 2 in Transmutations
  3214 | D:5      | Reached skill level 3 in Fire Magic
  3214 | D:5      | Reached skill level 3 in Ice Magic
  3214 | D:5      | Reached skill level 2 in Air Magic
  3214 | D:5      | Reached skill level 2 in Earth Magic
  3214 | D:5      | Reached skill level 2 in Poison Magic
  3218 | D:5      | Learned a level 2 spell: Blink
  3243 | D:5      | Reached skill level 3 in Invocations
  3259 | D:5      | Noticed Pikel
  3273 | D:5      | HP: 13/56 [slave[Pikel] (7)]
  3282 | D:5      | HP: 14/56 [Pikel/+1 whip of freezing (5)]
  3290 | D:5      | HP: 12/56 [Pikel/+1 whip of freezing (7)]
  3291 | D:5      | HP: 5/56 [Pikel/+1 whip of freezing (6)]
  3291 | D:5      | HP: 1/56 [Pikel/+1 whip of freezing (3)]
  3291 | D:5      | Slain by Pikel

Levels and vault maps discovered:
D:1:      lemuel_arrival_muddy, layout_basic, serial_bayou_pond_c
D:2:      layout_loops_ring, makhleb_blood_cavern_becter,
          nicolae_overflow_crystal_walls, ashenzari_conservatory_becter,
          lemuel_round_altar, gammafunk_temple_overflow_wave,
          nicolae_overflow_hidden_temple, guppyfry_early_lair_pool
D:3:      layout_basic, chequers_ecumenical_altar_simple_redux,
          uniq_crazy_yiuf_cottage
D:4:      layout_gridville, lemuel_round_altar, minmay_temple_entry_hall,
          first_ration
D:5:      layout_rooms, grunt_dithmenos_smoke_and_mirrors,
          nemelex_lonely_heart_becter, uniq_pikel
Temple:   corrupted_temple

Skill      XL: |  1  2  3  4  5  6  7 |
---------------+----------------------+-----
Fire Magic     | 2 3 |  3.1
Ice Magic      | 2 3 |  3.1
Invocations    | 1 2 3 |  3.0
Short Blades   | 1 2 |  2.6
Long Blades    | 1 2 |  2.6
Axes           | 1 2 |  2.6
Maces & Flails | 1 2 |  2.6
Polearms       | 1 2 |  2.6
Staves         | 1 2 |  2.6
Slings         | 1 2 |  2.6
Crossbows      | 1 2 |  2.6
Throwing       | 1 2 |  2.6
Armour         | 1 2 |  2.6
Dodging        | 1 2 |  2.6
Unarmed Combat | 1 2 |  2.6
Evocations     | 1 2 |  2.6
Spellcasting   | 3 |  3.9
Conjurations   | 1 2 |  2.1
Hexes          | 1 2 |  2.1
Charms         | 1 2 |  2.1
Summonings     | 1 2 |  2.1
Necromancy     | 1 2 |  2.1
Translocations | 1 2 |  2.1
Transmutations | 1 2 |  2.1
Air Magic      | 1 2 |  2.1
Earth Magic    | 1 2 |  2.1
Poison Magic   | 1 2 |  2.1
Shields        | 3 |  3.7
Fighting       | 5 |  5.3
Stealth        | 3 |  3.6
Bows           | 7 |  7.1

Action                   |  1- 3 |  4- 6 |  7- 9 || total
-------------------------+-------+-------+-------++-------
Melee: Flail             |       |     4 |    15 ||    19
       Bite              |       |       |     1 ||     1
 Fire: Shortbow          |    47 |   148 |    60 ||   255
  Use: Scroll            |     3 |     6 |     2 ||    11
       Potion            |       |       |     2 ||     2
 Stab: Sleeping          |       |     1 |       ||     1
  Eat: Chunk             |       |     6 |     1 ||     7
Armor: Robe              |     1 |       |       ||     1
       Ring mail         |       |    15 |    19 ||    34
Dodge: Dodged            |       |    21 |    20 ||    41

Table legend:
 A = Non-vault XP
 B = Vault XP
 C = Vault XP percentage of total XP
 D = Non-vault monster count
 E = Vault monster count
 F = Vault count percentage of total count
                 A         B        C        D         E       F
            +---------+---------+-------+---------+---------+-------
      Total |    1019 |      80 |   7.3 |      81 |       2 |   2.4
            +---------+---------+-------+---------+---------+-------
        D:1 |      21 |       0 |   0.0 |      12 |       0 |   0.0
        D:2 |      90 |      40 |  30.8 |      24 |       1 |   4.0
        D:3 |     119 |      40 |  25.2 |      29 |       1 |   3.3
        D:4 |     393 |       0 |   0.0 |      12 |       0 |   0.0
        D:5 |     396 |       0 |   0.0 |       4 |       0 |   0.0
            +---------+---------+-------+---------+---------+-------

Table legend:
 A = Turns spent in this place as a percentage of turns spent in the entire game.
 B = Non-inter-level travel turns spent in this place as a percentage of non-inter-level travel turns spent in the entire game.
 C = Inter-level travel turns spent in this place as a percentage of turns spent in this place.
 D = Turns resting spent in this place as a percentage of non-inter-level travel turns spent in this place.
 E = Turns spent auto-exploring this place as a percentage of non-inter-level travel turns spent in this place.
 F = Non-inter-level travel turns spent in this place divided by the number of levels of this place that you've seen.
                   A       B       C       D       E      F
               +-------+-------+-------+-------+-------+----------------------
         Total | 100.0 | 100.0 |   5.4 |   6.8 |  50.3 | 518.7
       Dungeon |  98.5 |  98.8 |   5.1 |   6.9 |  49.8 | 615.2
        Temple |   1.5 |   1.2 |  29.4 |   0.0 |  94.4 |  36.0
               +-------+-------+-------+-------+-------+----------------------

Levels and vault maps discovered:
D:1:      lemuel_arrival_muddy, layout_basic, serial_bayou_pond_c
D:2:      layout_loops_ring, makhleb_blood_cavern_becter,
          nicolae_overflow_crystal_walls, ashenzari_conservatory_becter,
          lemuel_round_altar, gammafunk_temple_overflow_wave,
          nicolae_overflow_hidden_temple, guppyfry_early_lair_pool
D:3:      layout_basic, chequers_ecumenical_altar_simple_redux,
          uniq_crazy_yiuf_cottage
D:4:      layout_gridville, lemuel_round_altar, minmay_temple_entry_hall,
          first_ration
D:5:      layout_rooms, grunt_dithmenos_smoke_and_mirrors,
          nemelex_lonely_heart_becter, uniq_pikel
Temple:   corrupted_temple
